Sharks vs RedWings

Created - 26 novembre 2018 at 20:51

Goals
1 2 3 T
Sharks 1 2 0 3
RedWings 2 1 1 4
Shots
1 2 3 T
Sharks 7 15 3 25
RedWings 17 7 4 28

1st period

1. Sharks , Matt Duchene 8 (Cody Franson 4, T.J. Oshie 8) at 9:19
2. RedWings , Ben Lovejoy 3 (Andrew Cogliano 4, Tyler Toffoli 2) at 12:55 (PP)
3. RedWings , Erik Haula 9 (Andrew Cogliano 5, Ben Lovejoy 3) at 16:13 (PP)

Penalties :
Nick Jensen (DET) for Interference (Minor) at 1:38, Tom Wilson (SJS) for Interference (Minor) at 11:05, Dougie Hamilton (SJS) for Tripping (Minor) at 14:55

2nd period

4. RedWings , Jonathan Drouin 8 (Paul Martin 7) at 3:31
5. Sharks , T.J. Oshie 8 (Sean Couturier 13, Artemi Panarin 7) at 5:29 (PP)
6. Sharks , T.J. Oshie 9 (Artemi Panarin 8, Matt Duchene 10) at 18:01

Penalties :
Ben Lovejoy (DET) for High sticking (Minor) at 5:02, Esa Lindell (SJS) for Tripping (Minor) at 7:21

3rd period

7. RedWings , David Pastrnak 7 (Sean Monahan 16, Filip Forsberg 7) at 6:06

Penalties :
Paul Martin (DET) for Hooking (Minor) at 6:23

Goalie Stats

Semyon Varlamov (SJS), 24 saves from 28 shots - (0.857), L, 11-7-0, 59:46 minutes
John Gibson (DET), 22 saves from 25 shots - (0.880), W, 10-4-1, 60:00 minutes

Players Stats for Sharks

Player Name              G  A  P  +/- PIM S  H  SB GA TA FO     MP     PP MP  PK MP  
------------------------------------------------------------------------------------
Artemi Panarin           0  2  2   1  0   2  0  0  0  0  0/0    21:28   3:09   1:17 
Cody Franson             0  1  1   0  0   1  0  2  0  0  0/0    13:28   0:00   0:06 
Colin Miller             0  0  0   0  0   0  5  1  0  0  0/0    16:52   1:16   1:48 
Dougie Hamilton          0  0  0  -1  2   1  1  1  0  0  0/0    22:30   1:16   1:50 
Esa Lindell              0  0  0   1  2   0  0  0  0  0  0/0    18:55   0:00   1:15 
Marco Scandella          0  0  0  -1  0   2  1  1  0  0  0/0    18:09   0:00   2:49 
Matt Duchene             1  1  2   1  0   4  0  0  0  0  11/20  18:45   1:43   0:00 
Michael Chaput           0  0  0   0  0   0  0  0  0  0  0/0     6:52   0:00   0:06 
Mikael Granlund          0  0  0  -1  0   2  0  0  0  0  0/0    16:52   1:23   0:00 
Mikko Rantanen           0  0  0  -1  0   1  3  0  0  0  0/0    18:37   2:42   0:00 
Nate Thompson            0  0  0   0  0   0  0  0  0  0  5/10    9:54   0:00   3:08 
Patrick Maroon           0  0  0   0  0   0  2  0  0  0  0/1     7:12   0:00   0:00 
Riley Sheahan            0  0  0   0  0   0  0  1  0  0  9/19   13:58   0:00   3:13 
Sean Couturier           0  1  1  -1  0   3  0  0  0  0  13/29  20:30   2:42   1:53 
Seth Jones               0  0  0   1  0   3  3  3  0  0  0/0    26:49   3:09   2:20 
T.J. Oshie               2  1  3   1  0   5  5  0  0  0  2/2    19:44   2:42   0:00 
Tom Wilson               0  0  0   0  2   1  2  0  0  0  0/0    11:47   0:20   0:43 
Travis Konecny           0  0  0   0  0   0  0  0  0  0  0/2    12:28   1:43   0:00 

Players Stats for RedWings

Player Name              G  A  P  +/- PIM S  H  SB GA TA FO     MP     PP MP  PK MP  
------------------------------------------------------------------------------------
Andrew Cogliano          0  2  2   0  0   1  0  0  0  0  0/2    12:20   2:58   3:06 
Ben Lovejoy              1  1  2   1  2   1  2  1  0  0  0/0    21:19   2:13   2:39 
David Pastrnak           1  0  1  -1  0   3  0  0  0  0  1/2    20:48   2:09   0:00 
Erik Haula               1  0  1   1  0   5  1  0  0  0  13/21  18:18   2:20   0:03 
Filip Forsberg           0  1  1  -1  0   3  2  0  0  0  0/0    19:17   0:38   0:00 
Frans Nielsen            0  0  0   0  0   2  0  0  0  0  6/14   11:46   0:00   1:18 
Jake Gardiner            0  0  0  -2  0   1  1  1  0  0  0/0    24:42   2:16   2:29 
Jonathan Drouin          1  0  1   1  0   3  0  0  0  0  0/2    15:55   0:00   0:00 
Kris Russell             0  0  0  -2  0   1  1  1  0  0  0/0    24:07   2:16   1:54 
Kyle Brodziak            0  0  0   0  0   0  2  1  0  0  8/14    9:46   0:00   3:04 
Loui Eriksson            0  0  0   0  0   0  0  0  0  0  0/0     6:45   0:00   1:19 
Micheal Ferland          0  0  0   1  0   0  1  1  0  0  0/1    18:04   2:09   0:00 
Nick Jensen              0  0  0   1  2   1  1  1  0  0  0/0    14:40   0:38   0:00 
Paul Martin              0  1  1   1  2   1  0  0  0  0  0/0    20:02   2:13   1:22 
Ryan Hartman             0  0  0   0  0   0  2  1  0  0  1/1     9:38   0:00   0:00 
Sean Monahan             0  1  1  -1  0   4  0  0  0  0  14/25  20:48   2:09   0:00 
Thomas Hickey            0  0  0   1  0   1  2  2  0  0  0/0    15:07   0:38   0:26 
Tyler Toffoli            0  1  1   0  0   1  0  0  0  0  0/1    12:10   2:58   0:00 

3 Stars

1 - T.J. Oshie (SJS)
2 - Ben Lovejoy (DET)
3 - Matt Duchene (SJS)

Power Play

Sharks - 1 on 3 Attempt(s) - 33.33%
RedWings - 2 on 3 Attempt(s) - 66.67%

Penalty Kill

Sharks - 1 on 3 Attempt(s) - 33.33% - Score 0 goal in Penalty Kill
RedWings - 2 on 3 Attempt(s) - 66.67% - Score 0 goal in Penalty Kill

Team Stat

Sharks - Hits : 22 - Faceoff Wins : 40 - Blocked Shots : 9 - Penalty Minutes : 6
RedWings - Hits : 15 - Faceoff Wins : 43 - Blocked Shots : 9 - Penalty Minutes : 6

Official

Referees : Tim Peel and Justin StPierre
Linesman : Trent Knorr and Mike Cvik

Game Notes

No Game Note

Finance

Level 1 -- Attendance: 6500 (100.00%) -- Ticket Income 455 000 $
Level 2 -- Attendance: 5000 (100.00%) -- Ticket Income 260 000 $
Level 3 -- Attendance: 3500 (100.00%) -- Ticket Income 105 000 $
Level 4 -- Attendance: 2737 (67.97%) -- Ticket Income 27 370 $
Luxury Box -- Attendance: 999 (99.90%) -- Ticket Income 134 865 $
Game was played at the Joe Louis Arena.
Total Attendance: 18736 (93.55%)
Total Ticket Income: 982 235 $
Other Income: 481 295 $
Total Income: 1 463 530 $

% Time on Ice - Sharks

Lines # - Real PCT - Wanted PCT - Time Play
Normal Forward
1 - 31% - 33% - 15:29
2 - 34% - 33% - 17:02
3 - 21% - 21% - 10:45
4 - 14% - 13% - 6:46
Normal Defense
1 - 35% - 33% - 17:41
2 - 31% - 33% - 15:20
3 - 27% - 22% - 13:22
4 - 7% - 12% - 3:39
PP Forward
1 - 61% - 50% - 2:42
2 - 39% - 50% - 1:43
PP Defense
1 - 71% - 60% - 3:09
2 - 29% - 40% - 1:16
PK Forward
1 - 74% - 60% - 3:47
2 - 26% - 40% - 1:20
PK Defense
1 - 64% - 60% - 3:18
2 - 36% - 40% - 1:49
PK3 Forward
1 - 0% - 50%
2 - 0% - 50%
PK3 Defense
1 - 0% - 60%
2 - 0% - 40%
44 Forward
1 - 0% - 60%
2 - 0% - 40%
44 Defense
1 - 0% - 50%
2 - 0% - 50%
Last Minute Offensive  - 0:26
Last Minute Defensive  - 0:00
Total
Forward - 60:00
Defense - 60:00

% Time on Ice - RedWings

Lines # - Real PCT - Wanted PCT - Time Play
Normal Forward
1 - 38% - 40% - 18:39
2 - 32% - 30% - 15:55
3 - 19% - 20% - 9:38
4 - 11% - 10% - 5:26
Normal Defense
1 - 37% - 40% - 18:15
2 - 33% - 30% - 16:28
3 - 27% - 20% - 13:13
4 - 3% - 10% - 1:42
PP Forward
1 - 42% - 60% - 2:09
2 - 58% - 40% - 2:58
PP Defense
1 - 44% - 60% - 2:16
2 - 56% - 40% - 2:51
PK Forward
1 - 78% - 60% - 3:28
2 - 22% - 40% - 0:57
PK Defense
1 - 30% - 60% - 1:20
2 - 70% - 40% - 3:05
PK3 Forward
1 - 0% - 60%
2 - 0% - 40%
PK3 Defense
1 - 0% - 60%
2 - 0% - 40%
44 Forward
1 - 0% - 60%
2 - 0% - 40%
44 Defense
1 - 0% - 60%
2 - 0% - 40%
Last Minute Offensive  - 0:00
Last Minute Defensive  - 0:50
Total
Forward - 60:00
Defense - 60:00

Play-by-Play

1st period


0:01 of 1st period - Sean Couturier wins face-off versus Sean Monahan in neutral zone.
0:10 of 1st period - Shot by Mikael Granlund.
0:10 of 1st period - Stopped by John Gibson without a rebound.
0:11 of 1st period - Matt Duchene wins face-off versus Erik Haula in RedWings zone.
0:33 of 1st period - Shot by Jonathan Drouin.
0:33 of 1st period - Deflect By Erik Haula.
0:33 of 1st period - Shot Misses the Net.
0:35 of 1st period - Shot by Paul Martin.
0:35 of 1st period - Stopped by Semyon Varlamov without a rebound.
0:36 of 1st period - Frans Nielsen wins face-off versus Riley Sheahan in Sharks zone.
0:41 of 1st period - Shot by Frans Nielsen.
0:41 of 1st period - Shot Blocked by Cody Franson.
0:45 of 1st period - Shot by Tyler Toffoli.
0:45 of 1st period - Shot Blocked by Riley Sheahan.
0:47 of 1st period - Shot by Frans Nielsen.
0:47 of 1st period - Shot Blocked by Colin Miller.
0:49 of 1st period - Shot by Frans Nielsen.
0:49 of 1st period - Stopped by Semyon Varlamov without a rebound.
0:50 of 1st period - Nate Thompson wins face-off versus Sean Monahan in Sharks zone.
1:17 of 1st period - Shot by David Pastrnak.
1:17 of 1st period - Shot Misses the Net.
1:19 of 1st period - Shot by Kris Russell.
1:19 of 1st period - Stopped by Semyon Varlamov without a rebound.
1:20 of 1st period - Kyle Brodziak wins face-off versus Sean Couturier in Sharks zone.
1:22 of 1st period - Andrew Cogliano is hit by Colin Miller and loses puck.
1:38 of 1st period - Minor Penalty to Nick Jensen for Interference.
1:39 of 1st period - Kyle Brodziak wins face-off versus Travis Konecny in RedWings zone.
2:45 of 1st period - Shot by Mikko Rantanen.
2:45 of 1st period - Shot Misses the Net.
2:47 of 1st period - Shot by Sean Couturier.
2:47 of 1st period - Shot Misses the Net.
3:31 of 1st period - Shot by Seth Jones.
3:31 of 1st period - Shot Misses the Net.
3:53 of 1st period - Shot by Sean Monahan.
3:53 of 1st period - Shot Hit the Post.
4:01 of 1st period - Shot by Sean Monahan.
4:01 of 1st period - Stopped by Semyon Varlamov without a rebound.
4:02 of 1st period - Erik Haula wins face-off versus Riley Sheahan in Sharks zone.
4:02 of 1st period - Jake Gardiner is hit by Seth Jones and loses puck.
4:55 of 1st period - Shot by Sean Monahan.
4:55 of 1st period - Shot Blocked by Seth Jones.
4:57 of 1st period - Shot by Nick Jensen.
4:57 of 1st period - Stopped by Semyon Varlamov with a rebound.
4:59 of 1st period - Shot by Thomas Hickey.
4:59 of 1st period - Stopped by Semyon Varlamov without a rebound.
5:00 of 1st period - Frans Nielsen wins face-off versus Sean Couturier in Sharks zone.
6:03 of 1st period - Shot by T.J. Oshie.
6:03 of 1st period - Shot Blocked by Ryan Hartman.
6:15 of 1st period - Shot by T.J. Oshie.
6:15 of 1st period - Stopped by John Gibson with a rebound.
8:33 of 1st period - Off-side.
8:34 of 1st period - Sean Monahan wins face-off versus Riley Sheahan in neutral zone.
8:53 of 1st period - Shot by Tom Wilson.
8:53 of 1st period - Stopped by John Gibson without a rebound.
8:54 of 1st period - Matt Duchene wins face-off versus Kyle Brodziak in RedWings zone.
9:06 of 1st period - Icing by Loui Eriksson.
9:07 of 1st period - Kyle Brodziak wins face-off versus Sean Couturier in RedWings zone.
9:11 of 1st period - Off-side.
9:12 of 1st period - T.J. Oshie wins face-off versus Sean Monahan in neutral zone.
9:17 of 1st period - Shot by Cody Franson.
9:17 of 1st period - Stopped by John Gibson with a rebound.
9:19 of 1st period - Shot by Matt Duchene.
9:19 of 1st period - Goal by Matt Duchene - Sharks : 1 - RedWings : 0.
9:20 of 1st period - Matt Duchene wins face-off versus Sean Monahan in neutral zone.
9:43 of 1st period - Shot by Matt Duchene.
9:43 of 1st period - Stopped by John Gibson without a rebound.
9:44 of 1st period - Erik Haula wins face-off versus Sean Couturier in RedWings zone.
10:48 of 1st period - Shot by T.J. Oshie.
10:48 of 1st period - Deflect By Artemi Panarin.
10:48 of 1st period - Stopped by John Gibson without a rebound.
10:49 of 1st period - Sean Monahan wins face-off versus Riley Sheahan in RedWings zone.
10:49 of 1st period - Filip Forsberg is hit by Tom Wilson.
11:05 of 1st period - Minor Penalty to Tom Wilson for Interference.
11:06 of 1st period - Riley Sheahan wins face-off versus Andrew Cogliano in Sharks zone.
11:21 of 1st period - Shot by Tyler Toffoli.
11:21 of 1st period - Stopped by Semyon Varlamov without a rebound.
11:22 of 1st period - Nate Thompson wins face-off versus David Pastrnak in Sharks zone.
11:44 of 1st period - Shot by Jake Gardiner.
11:44 of 1st period - Stopped by Semyon Varlamov without a rebound.
11:45 of 1st period - Sean Couturier wins face-off versus Andrew Cogliano in Sharks zone.
12:13 of 1st period - Shot by Erik Haula.
12:13 of 1st period - Stopped by Semyon Varlamov with a rebound.
12:15 of 1st period - Shot by Erik Haula.
12:15 of 1st period - Stopped by Semyon Varlamov without a rebound.
12:16 of 1st period - Sean Couturier wins face-off versus Sean Monahan in Sharks zone.
12:35 of 1st period - Shot by Sean Monahan.
12:35 of 1st period - Shot Misses the Net.
12:37 of 1st period - Shot by Sean Monahan.
12:37 of 1st period - Stopped by Semyon Varlamov without a rebound.
12:38 of 1st period - Nate Thompson wins face-off versus Erik Haula in Sharks zone.
12:55 of 1st period - Shot by Ben Lovejoy.
12:55 of 1st period - Goal by Ben Lovejoy - Sharks : 1 - RedWings : 1.
12:56 of 1st period - Sean Monahan wins face-off versus Matt Duchene in neutral zone.
13:06 of 1st period - Shot by Sean Monahan.
13:06 of 1st period - Stopped by Semyon Varlamov without a rebound.
13:07 of 1st period - Sean Couturier wins face-off versus Frans Nielsen in Sharks zone.
13:18 of 1st period - Shot by Mikko Rantanen.
13:18 of 1st period - Shot Blocked by Jake Gardiner.
14:05 of 1st period - Icing by Seth Jones.
14:06 of 1st period - Sean Couturier wins face-off versus Sean Monahan in Sharks zone.
14:11 of 1st period - David Pastrnak is hit by Mikko Rantanen and loses puck.
14:32 of 1st period - Icing by Seth Jones.
14:33 of 1st period - Sean Couturier wins face-off versus Erik Haula in Sharks zone.
14:48 of 1st period - Shot by Erik Haula.
14:48 of 1st period - Stopped by Semyon Varlamov without a rebound.
14:49 of 1st period - Matt Duchene wins face-off versus Kyle Brodziak in Sharks zone.
14:55 of 1st period - Minor Penalty to Dougie Hamilton for Tripping.
14:56 of 1st period - Nate Thompson wins face-off versus Sean Monahan in Sharks zone.
15:52 of 1st period - Shot by Andrew Cogliano.
15:52 of 1st period - Stopped by Semyon Varlamov without a rebound.
15:53 of 1st period - Erik Haula wins face-off versus Sean Couturier in Sharks zone.
16:13 of 1st period - Shot by Erik Haula.
16:13 of 1st period - Goal by Erik Haula - Sharks : 1 - RedWings : 2.
16:14 of 1st period - Matt Duchene wins face-off versus Frans Nielsen in neutral zone.
16:25 of 1st period - Dougie Hamilton is hit by Ryan Hartman and loses puck.
18:38 of 1st period - Shot by Jonathan Drouin.
18:38 of 1st period - Stopped by Semyon Varlamov without a rebound.
18:39 of 1st period - T.J. Oshie wins face-off versus Jonathan Drouin in Sharks zone.
18:44 of 1st period - Kris Russell is hit by T.J. Oshie and loses puck.
19:46 of 1st period - Loui Eriksson is hit by Marco Scandella and loses puck.
Goals for this period are 1 for Sharks vs 2 for RedWings.
Shots for this period are 7 for Sharks vs 17 for RedWings.

2nd period


0:01 of 2nd period - Sean Monahan wins face-off versus Riley Sheahan in neutral zone.
0:35 of 2nd period - Sean Monahan is hit by Dougie Hamilton and loses puck.
0:40 of 2nd period - Shot by Sean Monahan.
0:40 of 2nd period - Deflect By David Pastrnak.
0:40 of 2nd period - Shot Blocked by Seth Jones.
0:59 of 2nd period - Shot by Erik Haula.
0:59 of 2nd period - Stopped by Semyon Varlamov without a rebound.
1:00 of 2nd period - Matt Duchene wins face-off versus Frans Nielsen in Sharks zone.
1:04 of 2nd period - Off-side.
1:05 of 2nd period - Matt Duchene wins face-off versus Erik Haula in neutral zone.
1:12 of 2nd period - Shot by T.J. Oshie.
1:12 of 2nd period - Stopped by John Gibson without a rebound.
1:13 of 2nd period - Erik Haula wins face-off versus Sean Couturier in RedWings zone.
1:28 of 2nd period - Shot by Erik Haula.
1:28 of 2nd period - Shot Misses the Net.
1:48 of 2nd period - Shot by Sean Couturier.
1:48 of 2nd period - Stopped by John Gibson without a rebound.
1:49 of 2nd period - Sean Monahan wins face-off versus Matt Duchene in RedWings zone.
1:49 of 2nd period - Sean Monahan is hit by T.J. Oshie.
2:04 of 2nd period - Icing by Seth Jones.
2:05 of 2nd period - Matt Duchene wins face-off versus Frans Nielsen in Sharks zone.
2:07 of 2nd period - Icing by Esa Lindell.
2:08 of 2nd period - Sean Monahan wins face-off versus Matt Duchene in Sharks zone.
2:33 of 2nd period - Shot by Artemi Panarin.
2:33 of 2nd period - Stopped by John Gibson with a rebound.
2:35 of 2nd period - Shot by Seth Jones.
2:35 of 2nd period - Stopped by John Gibson with a rebound.
3:29 of 2nd period - Shot by Jonathan Drouin.
3:29 of 2nd period - Shot Misses the Net.
3:31 of 2nd period - Shot by Jonathan Drouin.
3:31 of 2nd period - Goal by Jonathan Drouin - Sharks : 1 - RedWings : 3.
3:32 of 2nd period - Riley Sheahan wins face-off versus Frans Nielsen in neutral zone.
3:32 of 2nd period - Tom Wilson is hit by Ryan Hartman and loses puck.
4:34 of 2nd period - Shot by Filip Forsberg.
4:34 of 2nd period - Stopped by Semyon Varlamov with a rebound.
4:36 of 2nd period - Shot by Jake Gardiner.
4:36 of 2nd period - Shot Blocked by Dougie Hamilton.
4:40 of 2nd period - Shot by Sean Monahan.
4:40 of 2nd period - Deflect By David Pastrnak.
4:40 of 2nd period - Stopped by Semyon Varlamov without a rebound.
4:41 of 2nd period - Erik Haula wins face-off versus Nate Thompson in Sharks zone.
4:54 of 2nd period - Dougie Hamilton is hit by Erik Haula and loses puck.
5:02 of 2nd period - Minor Penalty to Ben Lovejoy for High sticking.
5:03 of 2nd period - Kyle Brodziak wins face-off versus Sean Couturier in RedWings zone.
5:03 of 2nd period - Kyle Brodziak is hit by T.J. Oshie.
5:27 of 2nd period - Shot by Sean Couturier.
5:27 of 2nd period - Shot Misses the Net.
5:29 of 2nd period - Shot by T.J. Oshie.
5:29 of 2nd period - Goal by T.J. Oshie - Sharks : 2 - RedWings : 3.
5:30 of 2nd period - Riley Sheahan wins face-off versus Sean Monahan in neutral zone.
5:46 of 2nd period - Shot by Sean Monahan.
5:46 of 2nd period - Stopped by Semyon Varlamov without a rebound.
5:47 of 2nd period - Erik Haula wins face-off versus Nate Thompson in Sharks zone.
6:32 of 2nd period - Jake Gardiner is hit by Patrick Maroon and loses puck.
6:50 of 2nd period - Icing by Seth Jones.
6:51 of 2nd period - Sean Couturier wins face-off versus Sean Monahan in Sharks zone.
7:21 of 2nd period - Minor Penalty to Esa Lindell for Tripping.
7:22 of 2nd period - Nate Thompson wins face-off versus Erik Haula in Sharks zone.
7:51 of 2nd period - Shot by Jake Gardiner.
7:51 of 2nd period - Shot Misses the Net.
9:46 of 2nd period - Shot by T.J. Oshie.
9:46 of 2nd period - Stopped by John Gibson without a rebound.
9:47 of 2nd period - Sean Monahan wins face-off versus Sean Couturier in RedWings zone.
10:02 of 2nd period - Shot by Filip Forsberg.
10:02 of 2nd period - Stopped by Semyon Varlamov without a rebound.
10:03 of 2nd period - Riley Sheahan wins face-off versus Erik Haula in Sharks zone.
10:28 of 2nd period - Shot by Dougie Hamilton.
10:28 of 2nd period - Stopped by John Gibson with a rebound.
10:30 of 2nd period - Shot by Marco Scandella.
10:30 of 2nd period - Shot Blocked by Thomas Hickey.
10:32 of 2nd period - Shot by Marco Scandella.
10:32 of 2nd period - Stopped by John Gibson without a rebound.
10:33 of 2nd period - Sean Monahan wins face-off versus Nate Thompson in RedWings zone.
11:30 of 2nd period - Shot by Matt Duchene.
11:30 of 2nd period - Stopped by John Gibson without a rebound.
11:31 of 2nd period - Sean Couturier wins face-off versus Erik Haula in RedWings zone.
11:31 of 2nd period - Mikael Granlund is hit by Thomas Hickey and loses puck.
11:38 of 2nd period - Shot by Mikael Granlund.
11:38 of 2nd period - Shot Blocked by Nick Jensen.
11:40 of 2nd period - Shot by Mikael Granlund.
11:40 of 2nd period - Stopped by John Gibson without a rebound.
11:41 of 2nd period - Frans Nielsen wins face-off versus Matt Duchene in RedWings zone.
11:53 of 2nd period - Shot by T.J. Oshie.
11:53 of 2nd period - Shot Hit the Post.
12:06 of 2nd period - Icing by Matt Duchene.
12:07 of 2nd period - Erik Haula wins face-off versus Matt Duchene in Sharks zone.
12:08 of 2nd period - Shot by Thomas Hickey.
12:08 of 2nd period - Shot Misses the Net.
13:04 of 2nd period - Shot by Sean Couturier.
13:04 of 2nd period - Stopped by John Gibson with a rebound.
13:06 of 2nd period - Shot by Dougie Hamilton.
13:06 of 2nd period - Shot Blocked by Thomas Hickey.
13:08 of 2nd period - Shot by Marco Scandella.
13:08 of 2nd period - Stopped by John Gibson without a rebound.
13:09 of 2nd period - Sean Monahan wins face-off versus Riley Sheahan in RedWings zone.
13:17 of 2nd period - David Pastrnak is hit by Colin Miller and loses puck.
13:31 of 2nd period - Tom Wilson is hit by Jake Gardiner and loses puck.
14:38 of 2nd period - Paul Martin is hit by Mikko Rantanen and loses puck.
15:15 of 2nd period - Shot by Matt Duchene.
15:15 of 2nd period - Stopped by John Gibson without a rebound.
15:16 of 2nd period - Erik Haula wins face-off versus Nate Thompson in RedWings zone.
15:28 of 2nd period - Kris Russell is hit by Patrick Maroon and loses puck.
15:37 of 2nd period - Shot by Patrick Maroon.
15:37 of 2nd period - Shot Misses the Net.
16:31 of 2nd period - Shot by David Pastrnak.
16:31 of 2nd period - Stopped by Semyon Varlamov without a rebound.
16:32 of 2nd period - Sean Couturier wins face-off versus Tyler Toffoli in Sharks zone.
17:18 of 2nd period - Off-side.
17:19 of 2nd period - Sean Monahan wins face-off versus Matt Duchene in neutral zone.
18:01 of 2nd period - Shot by T.J. Oshie.
18:01 of 2nd period - Goal by T.J. Oshie - Sharks : 3 - RedWings : 3.
18:02 of 2nd period - Riley Sheahan wins face-off versus Erik Haula in neutral zone.
18:10 of 2nd period - Icing by Thomas Hickey.
18:11 of 2nd period - Erik Haula wins face-off versus Sean Couturier in RedWings zone.
18:18 of 2nd period - Shot by Micheal Ferland.
18:18 of 2nd period - Deflect By Erik Haula.
18:18 of 2nd period - Shot Blocked by Marco Scandella.
18:21 of 2nd period - Icing by Dougie Hamilton.
18:22 of 2nd period - Sean Couturier wins face-off versus Frans Nielsen in Sharks zone.
18:26 of 2nd period - Off-side.
18:27 of 2nd period - Sean Monahan wins face-off versus Sean Couturier in neutral zone.
19:02 of 2nd period - Shot by Mikko Rantanen.
19:02 of 2nd period - Stopped by John Gibson without a rebound.
19:03 of 2nd period - Matt Duchene wins face-off versus Micheal Ferland in RedWings zone.
19:12 of 2nd period - Shot by T.J. Oshie.
19:12 of 2nd period - Shot Blocked by Kris Russell.
19:14 of 2nd period - Shot by Matt Duchene.
19:14 of 2nd period - Shot Blocked by Micheal Ferland.
19:43 of 2nd period - Off-side.
19:44 of 2nd period - Riley Sheahan wins face-off versus Frans Nielsen in neutral zone.
19:59 of 2nd period - Travis Konecny is hit by Thomas Hickey and loses puck.
Goals for this period are 2 for Sharks vs 1 for RedWings.
Shots for this period are 15 for Sharks vs 7 for RedWings.

3rd period


0:01 of 3rd period - Sean Monahan wins face-off versus Sean Couturier in neutral zone.
0:20 of 3rd period - Shot by David Pastrnak.
0:20 of 3rd period - Shot Blocked by Seth Jones.
0:33 of 3rd period - Icing by David Pastrnak.
0:34 of 3rd period - Sean Monahan wins face-off versus Matt Duchene in RedWings zone.
0:34 of 3rd period - Filip Forsberg is hit by T.J. Oshie and loses puck.
1:21 of 3rd period - Icing by Kris Russell.
1:22 of 3rd period - David Pastrnak wins face-off versus Riley Sheahan in RedWings zone.
2:26 of 3rd period - Icing by Esa Lindell.
2:27 of 3rd period - Sean Couturier wins face-off versus Kyle Brodziak in Sharks zone.
2:52 of 3rd period - Shot by Mikael Granlund.
2:52 of 3rd period - Shot Blocked by Kyle Brodziak.
2:54 of 3rd period - Shot by Sean Couturier.
2:54 of 3rd period - Stopped by John Gibson without a rebound.
2:55 of 3rd period - Frans Nielsen wins face-off versus Matt Duchene in RedWings zone.
3:12 of 3rd period - Frans Nielsen is hit by T.J. Oshie and loses puck.
3:38 of 3rd period - Shot by Jonathan Drouin.
3:38 of 3rd period - Stopped by Semyon Varlamov without a rebound.
3:39 of 3rd period - Riley Sheahan wins face-off versus Sean Monahan in Sharks zone.
4:18 of 3rd period - Shot by Travis Konecny.
4:18 of 3rd period - Deflect By Riley Sheahan.
4:18 of 3rd period - Shot Blocked by Ben Lovejoy.
4:47 of 3rd period - Mikko Rantanen is hit by Nick Jensen and loses puck.
4:58 of 3rd period - Icing by Sean Couturier.
4:59 of 3rd period - Frans Nielsen wins face-off versus Sean Couturier in Sharks zone.
5:14 of 3rd period - Shot by Seth Jones.
5:14 of 3rd period - Stopped by John Gibson without a rebound.
5:15 of 3rd period - Matt Duchene wins face-off versus Kyle Brodziak in RedWings zone.
6:06 of 3rd period - Shot by David Pastrnak.
6:06 of 3rd period - Goal by David Pastrnak - Sharks : 3 - RedWings : 4.
6:07 of 3rd period - Erik Haula wins face-off versus Riley Sheahan in neutral zone.
6:09 of 3rd period - Jonathan Drouin is hit by Seth Jones and loses puck.
6:23 of 3rd period - Minor Penalty to Paul Martin for Hooking.
6:24 of 3rd period - Kyle Brodziak wins face-off versus Sean Couturier in RedWings zone.
6:30 of 3rd period - Icing by T.J. Oshie.
6:31 of 3rd period - Sean Couturier wins face-off versus Kyle Brodziak in Sharks zone.
6:51 of 3rd period - Icing by Sean Couturier.
6:52 of 3rd period - Kyle Brodziak wins face-off versus Sean Couturier in Sharks zone.
6:52 of 3rd period - Jake Gardiner is hit by Seth Jones and loses puck.
7:13 of 3rd period - Shot by Seth Jones.
7:13 of 3rd period - Stopped by John Gibson with a rebound.
7:25 of 3rd period - Shot by Frans Nielsen.
7:25 of 3rd period - Stopped by Semyon Varlamov with a rebound.
8:08 of 3rd period - Icing by Mikael Granlund.
8:09 of 3rd period - Kyle Brodziak wins face-off versus Travis Konecny in Sharks zone.
8:31 of 3rd period - Icing by Erik Haula.
8:32 of 3rd period - Erik Haula wins face-off versus Nate Thompson in RedWings zone.
8:34 of 3rd period - Icing by Jonathan Drouin.
8:35 of 3rd period - Erik Haula wins face-off versus Patrick Maroon in RedWings zone.
8:39 of 3rd period - Micheal Ferland is hit by Colin Miller.
9:49 of 3rd period - Shot by David Pastrnak.
9:49 of 3rd period - Shot Misses the Net.
10:08 of 3rd period - Icing by Dougie Hamilton.
10:09 of 3rd period - Riley Sheahan wins face-off versus Frans Nielsen in Sharks zone.
10:21 of 3rd period - Icing by Kris Russell.
10:22 of 3rd period - Frans Nielsen wins face-off versus Sean Couturier in RedWings zone.
10:22 of 3rd period - Frans Nielsen is hit by Mikko Rantanen.
10:53 of 3rd period - Shot by Tyler Toffoli.
10:53 of 3rd period - Shot Misses the Net.
12:01 of 3rd period - Shot by Sean Monahan.
12:01 of 3rd period - Shot Misses the Net.
13:05 of 3rd period - Icing by Jake Gardiner.
13:06 of 3rd period - Sean Couturier wins face-off versus Kyle Brodziak in RedWings zone.
13:12 of 3rd period - Kris Russell is hit by Colin Miller and loses puck.
14:03 of 3rd period - Shot by Filip Forsberg.
14:03 of 3rd period - Shot Misses the Net.
14:08 of 3rd period - Icing by T.J. Oshie.
14:09 of 3rd period - Matt Duchene wins face-off versus Jonathan Drouin in Sharks zone.
14:09 of 3rd period - Matt Duchene is hit by Micheal Ferland.
14:27 of 3rd period - Icing by Erik Haula.
14:28 of 3rd period - Erik Haula wins face-off versus Riley Sheahan in RedWings zone.
14:28 of 3rd period - Erik Haula is hit by Tom Wilson.
15:37 of 3rd period - Artemi Panarin is hit by Kris Russell and loses puck.
16:10 of 3rd period - Icing by Seth Jones.
16:11 of 3rd period - Ryan Hartman wins face-off versus Matt Duchene in Sharks zone.
16:35 of 3rd period - Shot by Tyler Toffoli.
16:35 of 3rd period - Shot Misses the Net.
16:38 of 3rd period - Icing by Cody Franson.
16:39 of 3rd period - Kyle Brodziak wins face-off versus Sean Couturier in Sharks zone.
16:42 of 3rd period - Shot by Kyle Brodziak.
16:42 of 3rd period - Shot Blocked by Cody Franson.
16:44 of 3rd period - Shot by Kyle Brodziak.
16:44 of 3rd period - Shot Misses the Net.
16:56 of 3rd period - Shot by Mikko Rantanen.
16:56 of 3rd period - Shot Misses the Net.
17:10 of 3rd period - Colin Miller is hit by Kyle Brodziak and loses puck.
17:24 of 3rd period - Off-side.
17:25 of 3rd period - Sean Monahan wins face-off versus Riley Sheahan in neutral zone.
17:28 of 3rd period - Shot by Filip Forsberg.
17:28 of 3rd period - Stopped by Semyon Varlamov without a rebound.
17:29 of 3rd period - Riley Sheahan wins face-off versus Sean Monahan in Sharks zone.
17:29 of 3rd period - Riley Sheahan is hit by Filip Forsberg.
17:50 of 3rd period - Travis Konecny is hit by Ben Lovejoy.
18:03 of 3rd period - Riley Sheahan is hit by Ben Lovejoy.
18:19 of 3rd period - Seth Jones is hit by Filip Forsberg and loses puck.
19:22 of 3rd period - Artemi Panarin is hit by Kyle Brodziak and loses puck.
19:46 of 3rd period - Sharks, Semyon Varlamov is pulled from the net.
19:50 of 3rd period - Shot by Sean Couturier.
19:50 of 3rd period - Shot Misses the Net.
19:59 of 3rd period - Kyle Brodziak is hit by Colin Miller and loses puck.
Goals for this period are 0 for Sharks vs 1 for RedWings.
Shots for this period are 3 for Sharks vs 4 for RedWings.